 Dungeon Crawl Stone Soup version 0.23.2 (webtiles) character file.

Game seed: 4478064634785682088

245 MartialLaw the Shield-Bearer (level 6, 0/38 HPs)
             Began as a Gargoyle Fighter on Mar 31, 2019.
             Slain by Duvessa
             ... wielding a +0 rapier
              (2 damage)
             ... on level 3 of the Dungeon.
             The game lasted 00:07:16 (2664 turns).

MartialLaw the Shield-Bearer (Gargoyle Fighter)     Turns: 2664, Time: 00:07:17

Health: 0/38       AC:  0    Str: 22    XL:     6   Next: 10%
Magic:  6/6        EV: 13    Int:  8    God:
Gold:   166        SH:  0    Dex:  9    Spells: 5/5 levels left

rFire    . . .     SeeInvis .   (weapon currently unavailable)
rCold    . . .     Gourm    .   (shield currently unavailable)
rNeg     + . .     Faith    .   (armour currently unavailable)
rPois    ∞         Spirit   .   (helmet currently unavailable)
rElec    .         Reflect  .   (cloak currently unavailable)
rCorr    .         Harm     .   (gloves currently unavailable)
MR       .....                  (boots currently unavailable)
Stlth    +.........             (no amulet)
HPRegen  0.12/turn              (ring currently unavailable)
MPRegen  0.10/turn              (ring currently unavailable)

@: pig-form, flying, very quick
A: small, negative energy resistance 1, petrification resistance, rot immunity,
AC +4
a: no special abilities


You were on level 3 of the Dungeon.
You were not hungry.
You were a filthy swine.
You visited 1 branch of the dungeon, and saw 4 of its levels.

You collected 166 gold pieces.

Inventory:

Hand Weapons
 g - a +2 flail of crushing (melded)
Armour
 b - a +0 scale mail (melded)
 c - a +0 shield (melded)
 h - a +0 pair of gloves (melded)
 i - a scarf of cloud immunity (melded)
 n - a +0 helmet (melded)
Jewellery
 l - a +5 ring of dexterity {unknown}
Scrolls
 e - 2 scrolls of teleportation {unknown}
 j - a scroll of amnesia {unknown}
 o - 2 scrolls of enchant armour {unknown}
 p - 2 scrolls of identify {unknown}
 q - a scroll of noise {unknown}
 r - a scroll of magic mapping {unknown}
Potions
 d - a potion of might
 k - 2 potions of curing {unknown}
Comestibles
 a - a chunk of flesh
 f - 4 rations


   Skills:
 + Level 3.7 Fighting
 + Level 4.2 Maces & Flails
 + Level 4.4 Armour
 + Level 1.0 Dodging
 + Level 4.5 Shields


You had 5 spell levels left.
You didn't know any spells.
Your spell library was empty.

Dungeon Overview and Level Annotations

Branches:
Dungeon (4/15)
 Temple: D:4-7

Altars:
Ashenzari
Elyvilon
Qazlal

Annotations:
D:3 Dowan, Duvessa


Innate Abilities, Weirdness & Mutations

You are resistant to torment.
((Your stone body is resilient. (AC +4)))
You are immune to poison.
You resist negative energy. (rN+)
((You are resistant to electric shocks. (rElec)))
((You can survive without breathing.))
You are immune to petrification.
You are immune to rotting.


Message History

You feel vulnerable to the effects of clouds.
You barely miss Dowan.
Dowan is almost dead.
Dowan hits you with a +1 dagger of draining.
Duvessa completely misses you. The worker ant closely misses you.
Duvessa hits you with a +0 rapier!
* * * LOW HITPOINT WARNING * * *
Dowan says, "My weaknesses are her strengths!"
Dowan hits you with a +1 dagger of draining.
* * * LOW HITPOINT WARNING * * *
The worker ant barely misses you.
You climb upwards.
There is a stone staircase leading down here.
Duvessa zaps a wand.
You resist with some effort.
Dowan gestures wildly while chanting.
Dowan blinks!
It was a potion of flight.
You feel very buoyant.
You fly up into the air.
Duvessa hits you with a +0 rapier.
You die...

................# ###...........
..##............####.............
..##........................##...
............................####.
....####....................####)
....####.........................
..............)................#.
...............e..######.......#.
.............§>ah..# #.......'.
................e..#####.......##
........#.....#+#......+.......'.
####....#.....#.#.....#+.......##
........#.....#.#.###.......#....
........##..................#....
..................#..............
.....#............#...#...#......
....##............#...#...#......


You could see Duvessa, Dowan and a worker ant.

Vanquished Creatures
  An orc priest (D:3)
  2 orc wizards (D:4)
  4 adders
  5 oozes
  2 dart slugs (D:1)
  A leopard gecko (D:3)
  6 orcs
  7 bats
  5 giant cockroaches
  14 goblins
  11 hobgoblins
  4 jackals (D:3)
  2 quokkas (D:3)
  3 ball pythons
  3 frilled lizards
  11 kobolds
  4 rats
85 creatures vanquished.

Vanquished Creatures (others)
  2 orcs (D:3)
  A rat (D:3)
3 creatures vanquished.

Grand Total: 88 creatures vanquished

Notes
Turn   | Place    | Note
-------+----------+-------------------------------------------
     0 | D:1      | MartialLaw the Gargoyle Fighter began the quest for the
                  | Orb.
     0 | D:1      | Reached XP level 1. HP: 14/14 MP: 1/1
   117 | D:1      | Found a shattered altar of Ashenzari.
   137 | D:1      | Reached XP level 2. HP: 11/19 MP: 2/2
   314 | D:1      | Reached XP level 3. HP: 23/23 MP: 3/3
  1072 | D:2      | Reached XP level 4. HP: 28/28 MP: 4/4
  1095 | D:2      | Found a stormy altar of Qazlal.
  2012 | D:3      | Reached XP level 5. HP: 28/32 MP: 5/5
  2384 | D:3      | Found a white marble altar of Elyvilon.
  2472 | D:4      | Noticed a phantom
  2472 | D:4      | Noticed a phantom
  2610 | D:4      | Reached skill level 1 in Dodging
  2616 | D:4      | Noticed Dowan
  2617 | D:4      | Reached XP level 6. HP: 27/38 MP: 6/6
  2620 | D:4      | Noticed Duvessa
  2664 | D:3      | Slain by Duvessa

Skill      XL: |  1  2  3  4  5 |
---------------+----------------+-----
Shields        | 4 |  4.5
Armour         | 4 |  4.4
Maces & Flails | 3 4 |  4.2
Dodging        | 1 |  1.0
Fighting       | |  3.7

Action                   |  1- 3 |  4- 6 || total
-------------------------+-------+-------++-------
Melee: Flail             |   128 |   187 ||   315
       Unarmed           |       |     1 ||     1
  Use: Potion            |       |     1 ||     1
  Eat: Chunk             |     1 |     5 ||     6
Armor: Scale mail        |    71 |    98 ||   169
Dodge: Dodged            |    39 |    72 ||   111
Block: Shield            |    95 |   100 ||   195
